 Dungeon Crawl Stone Soup version 0.29.1-12-g30fa7ad0bf (webtiles) character file.

Game seed: 11405397816377859790

80 wormed the Chopper (level 4, 0/40 HPs)
             Began as a Minotaur Berserker on Dec 24, 2022.
             Was a Believer of Trog.
             Slain by an orc
             ... wielding a +0 morningstar
              (9 damage)
             ... on level 5 of the Dungeon.
             The game lasted 00:02:01 (2528 turns).

wormed the Chopper (Minotaur Berserker)             Turns: 2528, Time: 00:02:01

Health: 0/40       AC:  2    Str: 23    XL:     4   Next: 18%
Magic:  0/3        EV: 10    Int:  4    God:    Trog [**....]
Gold:   117        SH:  7    Dex: 10    Spells: 3/3 levels left

rFire   . . .      SeeInvis .   a - +0 hand axe
rCold   . . .      Faith    .   l - +0 kite shield
rNeg    . . .      Spirit   +   b - +0 animal skin
rPois   .          Reflect  .   (helmet restricted)
rElec   .          Harm     .   (no cloak)
rCorr   .          Rampage  .   (no gloves)
Will    +....                   (no boots)
Stlth   +.........              n - amulet of guardian spirit
HPRegen 0.13/turn               h - ring of willpower
MPRegen 0.08/turn               (no ring)

@: no status effects
A: horns 2, retaliatory headbutt
a: Renounce Religion, Berserk, Trog's Hand


You were on level 5 of the Dungeon.
You worshipped Trog.
Trog was pleased with you.
You visited 1 branch of the dungeon, and saw 4 of its levels.

You collected 117 gold pieces.

Inventory:

Hand Weapons
 a - a +0 hand axe (weapon)
Missiles
 i - 6 poisoned darts (quivered)
Armour
 b - a +0 animal skin (worn)
 l - a +0 kite shield (worn)
Jewellery
 h - a ring of willpower (left hand)
 n - an amulet of guardian spirit (around neck)
Scrolls
 e - a scroll of magic mapping {unknown}
 g - a scroll of summoning {unknown}
 j - a scroll of vulnerability {unknown}
 k - a scroll of amnesia {unknown}
 m - a scroll of enchant weapon {unknown}
 o - a scroll of blinking {unknown}
Potions
 c - 2 potions of heal wounds {unknown}
 d - a potion of resistance {unknown}
 f - a potion of mutation {unknown}
 p - 2 potions of flight {unknown}


   Skills:
 + Level 4.2 Fighting
 * Level 4.5 Axes
 + Level 3.1 Armour
 + Level 2.8 Dodging
 + Level 1.6 Shields


You had 3 spell levels left.
You didn't know any spells.
Your spell library was empty.

Dungeon Overview and Level Annotations

Branches:
Dungeon (3/15)

Altars:


Innate Abilities, Weirdness & Mutations

You have a pair of horns on your head.
You reflexively headbutt those who attack you in melee.


Message History

o - a scroll labelled ONAKOUCLUF
p - 2 brown potions
Found a stone staircase leading down.
There is a stone staircase leading down here.
You now have 117 gold pieces (gained 17).
Things that are here:
a +0 short sword; 3 stones; a kobold corpse
Things that are here:
2 stones; a +0 whip You see here a +0 whip.
Found a short sword.
You see here a +0 short sword.
Done exploring.
Done exploring.
Done exploring.
Search for what [Enter for "."]? .
You see here a +0 short sword.
There is a stone staircase leading down here.
You climb downwards.
A sourceless malevolence fills the Dungeon...
You fall into a shaft and drop 2 floors!
The shaft crumbles and collapses.
Found a stone staircase leading up.
Found 12 gold pieces.
A gnoll comes into view. It is wielding a +0 spear.
A gnoll comes into view. It is wielding a +0 club.
The gnoll shouts!
You hear a shout! x2
An orc comes into view. It is wielding a +0 morningstar.
The gnoll moves out of view.
The gnoll shouts!
A gnoll comes into view. It is wielding a +0 whip.
The gnoll hits you with a +0 spear. The gnoll hits you with a +0 spear!
The gnoll barely misses you. The gnoll closely misses you.
The orc hits you with a +0 morningstar!
There is a stone staircase leading up, spattered with blood here.
The gnoll hits you with a +0 spear. The gnoll misses you.
The gnoll hits you with a +0 whip.
* * * LOW HITPOINT WARNING * * *
The orc hits you with a +0 morningstar!
You die...

..... #.... #....
## #...# .# #...#
#####.### #...#
##.......# #...#
#........# #...#
#..ogg...#
#...####...@g...#
##.......#.##.###
#^######### # #.
#. #. #. #.


You could see 3 gnolls and an orc.

Vanquished Creatures
  4 gnolls
  A worm (D:2)
  2 dart slugs (D:2)
  A ball python (D:2)
  4 endoplasms
  2 giant cockroaches (D:1)
  3 goblins (D:1)
  A hobgoblin (D:2)
  6 kobolds (D:2)
  A quokka (D:2)
  3 bats (D:2)
  7 frilled lizards
  2 rats (D:1)
37 creatures vanquished.

Notes
Turn   | Place    | Note
-------+----------+-------------------------------------------
     0 | D:1      | wormed the Minotaur Berserker began the quest for the Orb.
     0 | D:1      | Reached XP level 1. HP: 19/19 MP: 0/0
   258 | D:1      | Reached XP level 2. HP: 19/27 MP: 1/1
   360 | D:1      | Found a faded altar of an unknown god.
   999 | D:2      | Reached skill level 1 in Shields
  1008 | D:1      | Reached XP level 3. HP: 6/33 MP: 2/2
  1884 | D:2      | Reached ** piety under Trog
  1913 | D:2      | Reached XP level 4. HP: 24/40 MP: 3/3
  2517 | D:3      | You fall into a shaft and drop 2 floors!
  2517 | D:5      | Entered Level 5 of the Dungeon
  2528 | D:5      | Slain by an orc

Illustrated notes

Levels and vault maps discovered:
D:1:      amcnicky_arrival_gap_in_the_tavern_cellar, layout_loops_cross,
          chequers_ecumenical_altar_simple_redux
D:2:      layout_loops_ring, st_stairs_10
D:3:      layout_loops_ring, serial_shops, nicolae_shop_waterfront,
          uniq_crazy_yiuf_cottage
D:5:      layout_basic, minmay_temple_entry_wispy, uniq_pikel,
          uniq_blork_the_orc, uniq_grinder

Skill      XL: |  1  2  3 |
---------------+----------+-----
Axes           | 4 |  4.5
Shields        | 1 |  1.6
Fighting       | 4 |  4.2
Armour         | 3 |  3.1
Dodging        | |  2.8

Action                   |  1- 3 |  4- 6 || total
-------------------------+-------+-------++-------
Melee: Hand axe          |    68 |    14 ||    82
       Headbutt          |     5 |     4 ||     9
       Punch             |     1 |       ||     1
Armor: Animal skin       |     6 |     5 ||    11
Dodge: Dodged            |    33 |     7 ||    40
Block: Kite shield       |     1 |     6 ||     7
